 Dungeon Crawl Stone Soup version 0.28-a0-1624-g820543e53a (webtiles) character file.

Game seed: 9357809162995938702

58 jlumianski the Firebug (level 4, -6/34 HPs)
             Began as a Hill Orc Fire Elementalist on Jan 23, 2022.
             Mangled by Sigmund (9 damage)
             ... on level 2 of the Dungeon.
             The game lasted 00:06:46 (1410 turns).

jlumianski the Firebug (Hill Orc Fire Elementalist) Turns: 1410, Time: 00:06:47

Health: -6/34      AC:  3    Str: 12    XL:     4   Next: 1%
Magic:  2/7        EV: 12    Int: 15    God:
Gold:   66         SH:  0    Dex: 11    Spells: 4/7 levels left

rFire   . . .      SeeInvis .   b - +0 long sword (elec)
rCold   . . .      Faith    .   (no shield)
rNeg    . . .      Spirit   .   a - +1 robe
rPois   .          Reflect  .   (no helmet)
rElec   .          Harm     .   (no cloak)
rCorr   .          Rampage  .   (no gloves)
Will    .....                   (no boots)
Stlth   ++........              (no amulet)
HPRegen 0.11/turn               (no ring)
MPRegen 0.10/turn               (no ring)

@: no status effects
A: no striking features
a: no special abilities


You were on level 2 of the Dungeon.
You visited 1 branch of the dungeon, and saw 3 of its levels.

You collected 66 gold pieces.

Inventory:

Hand Weapons
 b - a +0 long sword of electrocution (weapon)
Missiles
 d - 37 bolts
 e - 6 curare-tipped darts
 g - 57 stones (quivered)
Armour
 a - a +1 robe (worn)
Jewellery
 h - a ring of protection from cold
Wands
 c - a wand of flame (17)
Scrolls
 f - a scroll of silence {unknown}
Potions
 i - a potion of brilliance {unknown}


   Skills:
 + Level 0.4 Fighting
 + Level 0.9 Long Blades
 + Level 2.0 Dodging
 + Level 1.7 Stealth
 + Level 2.0 Spellcasting
 + Level 1.2 Conjurations
 + Level 4.1 Fire Magic


You had 4 spell levels left.
You knew the following spells:

 Your Spells              Type           Power      Damage    Failure   Level
a - Foxfire               Conj/Fire      36%        2x1d5     8%          1
b - Scorch                Fire           26%        2d6       6%          2

Your spell library contained the following spells:

 Spells                   Type           Power      Damage    Failure   Level
 Animate Skeleton         Necr           2%         N/A       22%         1
 Pain                     Necr           4%         1d4       22%         1
 Conjure Flame            Conj/Fire      9%         6-21      22%         3
 Static Discharge         Conj/Air       3%         N/A       26%         2
 Inner Flame              Hex/Fire       7%         N/A       28%         3
 Vampiric Draining        Necr           1%         2d6       54%         3
 Flame Wave               Conj/Fire      9%         2d5       58%         4
 Lightning Bolt           Conj/Air       1%         1d12      99%         5
 Maxwell's Capacitive Co  Air            0%         ∞         100%        8


Dungeon Overview and Level Annotations

Branches:
Dungeon (3/15)

Altars:

Shops:
D:1 [   D:2 (

Annotations:
D:2 Sigmund


Message History

You conjure some foxfire!
The adder bites you.
You are poisoned.
The adder poisons you!
You hit the adder but do no damage. Lightning courses through the adder!
You kill the adder!
You feel sick.
Your Dodging skill increases to level 2!
You have reached level 4!
Your foxfire dissipates!
Sigmund the Dreaded comes into view.
He is wielding a +0 scythe.
You feel sick.
You see here an adder corpse.
Found a dagger and 9 gold pieces.
You feel sick.
Sigmund shouts!
You hear an angry hiss.
Your foxfire dissipates!
You feel sick.
You feel sick.
You are no longer poisoned.
You see here an adder corpse.
There is a stone staircase leading down here.
Sigmund casts a spell.
Sigmund flickers and vanishes!
Deactivating autopickup; reactivate with Ctrl-A.
A magic dart appears from out of thin air!
The magic dart hits you!
Something tries to affect you, but you resist.
A puff of flame appears from out of thin air!
The puff of flame hits you!
* * * LOW HITPOINT WARNING * * *
Something hits you.
* * * LOW HITPOINT WARNING * * *
Okay, then.
Unknown command.
Casting: Foxfire (safe; 8% risk of failure)
Confirm with . or Enter, or press ? or * to list all spells.
Flames lash something.
Casting: Scorch (safe; 6% risk of failure)
Confirm with . or Enter, or press ? or * to list all spells.
Flames lash something.
Something hits you!
You die...

#.# #...#
#......... #.#
#...# ####......
#.# ##### #......
#.# ####### #.#
#.....# #.#
#)....#
#.##########.....#
#..........'.....#
#####{.@####.....#
#...# #.....#
#...# #.....#
#...# #.....#
#...####.....#
#.....##.)...#
#.....##.....#
#.....##.....#
#.....#####.##


There were no monsters in sight!

Vanquished Creatures
  3 adders (D:2)
  A dart slug (D:2)
  An orc (D:3)
  3 endoplasms
  3 goblins
  5 hobgoblins (D:1)
  A quokka (D:2)
  3 ball pythons
  4 bats (D:1)
  A frilled lizard (D:2)
  2 kobolds
27 creatures vanquished.

Vanquished Creatures (others)
  55 foxfires
55 creatures vanquished.

Grand Total: 82 creatures vanquished

Notes
Turn   | Place    | Note
-------+----------+-------------------------------------------
     0 | D:1      | jlumianski the Hill Orc Fire Elementalist began the quest
                  | for the Orb.
     0 | D:1      | Reached XP level 1. HP: 14/14 MP: 3/3
    89 | D:1      | Found Geolisia's Armour Shop.
   108 | D:1      | Found a faded altar of an unknown god.
   214 | D:1      | Reached XP level 2. HP: 18/20 MP: 1/4
   901 | D:2      | Learned a level 1 spell: Foxfire
   904 | D:2      | Learned a level 2 spell: Scorch
   979 | D:2      | Reached XP level 3. HP: 26/26 MP: 2/5
   984 | D:2      | Reached skill level 4 in Fire Magic
  1210 | D:2      | Found Zegae's Antique Weapon Boutique.
  1366 | D:2      | Reached XP level 4. HP: 26/34 MP: 1/7
  1366 | D:2      | Noticed Sigmund
  1410 | D:2      | Mangled by Sigmund

Illustrated notes

Levels and vault maps discovered:
D:1:      tarquinn_simple_flora_water_f, layout_basic,
          ebering_ecumenical_altar_hall, serial_shops, shop_statue
D:2:      layout_basic, serial_shops, shop, kennysheep_nondescript,
          grunt_ministairs_13, uniq_sigmund, uniq_crazy_yiuf_cottage
D:3:      layout_rooms, grunt_decor_arrowhead, lemuel_another_geyser,
          uniq_natasha, uniq_ijyb, uniq_robin

Skill      XL: |  1  2  3 |
---------------+----------+-----
Fire Magic     | 4 |  4.1
Spellcasting   | 2 |  2.0
Dodging        | 2 |  2.0
Fighting       | |  0.4
Long Blades    | |  0.9
Stealth        | |  1.7
Conjurations   | |  1.2

Action                   |  1- 3 |  4- 6 || total
-------------------------+-------+-------++-------
Melee: Long sword        |    45 |       ||    45
 Cast: Foxfire           |    32 |       ||    32
       Scorch            |     2 |     2 ||     4
  Use: Scroll            |     3 |       ||     3
       Potion            |     1 |       ||     1
Armor: Robe              |    13 |       ||    13
Dodge: Dodged            |    38 |       ||    38

Table legend: (Time is in decaauts)
 A = Elapsed time spent in this place.
 B = Non-inter-level travel time spent in this place.
 C = Inter-level travel time spent in this place.
 D = Time resting spent in this place.
 E = Time spent auto-exploring this place.
 F = Levels seen in this place.
 G = Mean time per level.
                   A        B        C        D        E       F      G
               +--------+--------+--------+--------+--------+-----+--------+
         Total |   1427 |   1416 |     11 |    127 |    915 |   3 |  475.7 |
       Dungeon |   1427 |   1416 |     11 |    127 |    915 |   3 |  475.7 |
               +--------+--------+--------+--------+--------+-----+--------+

Top non-repeatable levels by time:
     D:1: 888 daAuts
     D:2: 487 daAuts
     D:3: 51 daAuts
